AoeStats
← Caniche

Nomad

507822838Analyzed
3v3 RM · 12d ago on Sep 19, 2026· 56m 12s· 6 players
Game mode
Random Map
Map size
210×210
Population
200
Speed
Normal
Resources
Standard
Victory
Conquest
Starting age
Dark Age
Ending age
Imperial Age
RankedLock teamsTeams togetherTeam positionsShared explorationLock speedFull tech treeHidden civsTurbo modeCheats
Victory
Defeat
🇦🇷 Inca · Argentina
1550
+10
🇦🇷 Cumans · Argentina
1548
+10
🇦🇷 Portuguese · Argentina
1468
+13
🇨🇱 Italians · Chile
1430
-12
🇦🇷 Bulgarians · Argentina
1411
-11
🇨🇱 Mongols · Chile
1392
-10
EzZe
5:24 Loom
11:56 Feudal Age
12:34 Double-Bit Axe
13:18 Loom
16:35 Fletching
17:28 Fishing Lines
23:44 Castle Age
22:39 Town Watch
24:25 Bodkin Arrow
24:49 Medium Warships
24:32 Gillnets
25:33 Horse Collar
27:22 Wheelbarrow
28:58 Stone Mining
28:58 Gold Mining
29:38 Hand Cart
30:49 Stone Shaft Mining
30:43 Bow Saw
34:25 Imperial Age
32:03 Padded Archer Armor
32:14 Heavy Plow
32:40 Ballistics
33:23 Gold Shaft Mining
35:13 Bracer
35:56 Leather Archer Armor
37:36 Chemistry
36:42 Siege Engineers
36:37 Murder Holes
37:33 Thumb Ring
37:54 Parthian Tactics
37:34 Elite Mangudai
39:15 Conscription
43:12 Husbandry
43:23 Bloodlines
José de San Martín
4:06 Loom
14:56 Feudal Age
19:25 Castle Age
18:00 Horse Collar
18:24 Gold Mining
18:56 Double-Bit Axe
21:11 Wheelbarrow
21:27 Bow Saw
21:59 Heavy Plow
23:26 Town Watch
27:30 Stone Mining
31:34 Imperial Age
30:45 Scale Barding Armor
30:51 Forging
31:46 Chain Barding Armor
33:06 Plate Barding Armor
33:09 Conscription
33:58 Bloodlines
33:51 Husbandry
34:02 Bloodlines
35:13 Iron Casting
35:15 Elite Konnik
37:52 Blast Furnace
39:43 Stirrups
41:28 Crop Rotation
J40 | Berto
12:17 Feudal Age
10:53 Loom
16:15 Castle Age
14:41 Town Watch
16:14 Double-Bit Axe
20:59 Fletching
Caniche
5:13 Loom
13:15 Feudal Age
17:07 Castle Age
15:27 Fishing Lines
15:50 Fletching
16:00 Padded Archer Armor
16:03 Double-Bit Axe
16:10 Gold Mining
16:41 Horse Collar
18:23 Bow Saw
18:32 Leather Archer Armor
22:21 Crossbowman
23:08 Bodkin Arrow
27:05 Ballistics
28:53 Wheelbarrow
31:30 Hand Cart
35:00 Imperial Age
33:50 Heavy Plow
33:40 Stone Mining
34:26 Gold Shaft Mining
34:48 Thumb Ring
35:22 Town Watch
35:22 Arbalester
37:16 Chemistry
36:42 Conscription
37:57 Fabric Shields
40:01 Masonry
40:53 Forging
40:44 Scale Mail Armor
40:49 Bracer
40:45 Elite Kamayuk
41:56 Squires
42:54 Elite Skirmisher
45:47 Ring Archer Armor
44:50 Elite Skirmisher
54:38 Iron Casting
54:18 Chain Mail Armor
Rodilla de Bronce
4:58 Loom
12:47 Feudal Age
14:11 Fletching
14:33 Town Watch
14:38 Double-Bit Axe
16:11 Gold Mining
20:23 Fishing Lines
21:29 Wheelbarrow
27:22 Castle Age
25:39 Scale Barding Armor
28:15 Medium Warships
28:03 Bodkin Arrow
29:01 Bloodlines
30:06 Gillnets
31:15 Hand Cart
31:25 Chain Barding Armor
31:16 Forging
32:17 Horse Collar
40:11 Iron Casting
42:50 Imperial Age
41:24 Scale Mail Armor
41:18 Stone Mining
42:52 Cavalier
44:12 Plate Barding Armor
43:53 Steppe Husbandry
44:32 Paladin
46:12 Bow Saw
47:56 Blast Furnace
48:10 Conscription
51:01 Light Cavalry
54:00 Hussar
57:09 Gold Shaft Mining
La Bestia
4:58 Loom
13:49 Feudal Age
17:52 Castle Age
16:07 Double-Bit Axe
19:45 Town Watch
20:06 Gold Mining
24:41 Bow Saw
34:47 Wheelbarrow
36:30 Hand Cart
40:21 Imperial Age
40:17 Fletching
51:53 Bodkin Arrow
54:39 Elite Skirmisher
56:08 Coinage
Connection lost

Rejoining the realm…

Still unreachable

The connection could not be restored.

Session expired

The server has moved on; the page needs a fresh start.